 Dungeon Crawl Stone Soup version 0.21-a0-508-gf08a75f (webtiles) character file.

2604 slep the Poker (level 9, -29/103 HPs)
             Began as a Demonspawn Fighter on Nov 29, 2017.
             Was an Initiate of Okawaru.
             Killed from afar by a deep elf mage (31 damage)
             ... with a bolt of lightning
             ... on level 7 of the Dungeon.
             The game lasted 00:36:35 (6371 turns).

slep the Poker (Demonspawn Fighter)                 Turns: 6371, Time: 00:36:35

Health: -29/103    AC: 24    Str: 21      XL:     9   Next: 33%
Magic:  0/9        EV:  2    Int:  7 (9)  God:    Okawaru [......]
Gold:   189        SH: 10    Dex: 15      Spells: 8/8 levels left

rFire    + . .     SeeInvis .   a - +0 trident
rCold    . . .     Gourm    .   c - +0 shield
rNeg     + + +     Faith    .   (armour currently unavailable)
rPois    +         Spirit   +   (helmet currently unavailable)
rElec    .         Reflect  .   (cloak currently unavailable)
rCorr    .         Harm     .   (gloves currently unavailable)
MR       .....     NoTele   +   (boots currently unavailable)
Stlth    ++........             F - amulet of inaccuracy (curse)
HPRegen  0.27/turn              m - ring of protection from fire
MPRegen  0.11/turn              u - +3 ring of strength

@: tree-form (expiring)
A: repulsion field 2, powered by death 1, evolution 1, magic shield
a: Renounce Religion


You were on level 7 of the Dungeon.
You worshipped Okawaru.
Okawaru was noncommittal.
You were not hungry.
You were a tree.
You visited 2 branches of the dungeon, and saw 8 of its levels.

You collected 460 gold pieces.
You spent 271 gold pieces at shops.

Inventory:

Hand Weapons
 a - a +0 trident (weapon)
 z - the +10 morningstar of Generosity {vamp, rF+ rN+, unknown}
   (You took it off a crimson imp on level 5 of the Dungeon)

   It inflicts no extra harm, but heals its wielder when it wounds a living foe.
   It protects you from fire.
   It protects you from negative energy.
 H - a +1 hunting sling of freezing
Missiles
 I - 6 needles of sleeping
Armour
 b - a +0 scale mail
 c - a +0 shield (worn)
 e - a scarf of resistance (melded)
 n - a +0 pair of gloves (melded)
 x - a +0 pair of boots (melded)
 G - a +0 ring mail of fire resistance (melded)
Jewellery
 m - a ring of protection from fire (left branch)
 u - a +3 ring of strength (right branch)
 B - an uncursed amulet of regeneration
 F - a cursed amulet of inaccuracy (around neck)
Wands
 o - a wand of iceblast (6)
 r - a wand of enslavement (7)
Scrolls
 g - 2 scrolls of random uselessness {unknown}
 h - 2 scrolls of noise {unknown}
 k - 3 scrolls of blinking
 l - 11 scrolls of identify {unknown}
 s - 5 scrolls of remove curse
 w - 4 scrolls of teleportation
 y - 3 scrolls of fog {unknown}
 C - 3 scrolls of immolation {unknown}
 D - 3 scrolls of magic mapping {unknown}
 E - a scroll of amnesia {unknown}
Potions
 d - a potion of might
 p - a potion of lignification
 t - a potion of agility
 A - 2 potions of mutation
Comestibles
 f - 4 bread rations
 i - 4 royal jellies
 j - 2 chunks of flesh
 q - 2 fruits
 v - 3 meat rations


   Skills:
 + Level 6.0 Fighting
 + Level 6.8 Polearms
 + Level 5.4 Armour
 + Level 3.7 Dodging
 + Level 1.0 Stealth
 + Level 6.0 Shields


You had 8 spell levels left.
You didn't know any spells.

Dungeon Overview and Level Annotations

Branches:
Dungeon (7/15)             Temple (1/1) D:7

Altars:
Ashenzari
Cheibriados
Dithmenos
Elyvilon
Fedhas
Gozag
Hepliaklqana
Kikubaaqudgha
Makhleb
Nemelex Xobeh
Okawaru
Qazlal
Ru
Sif Muna
Trog
Uskayaw
Vehumet
Xom
Yredelemnul
Zin
The Shining One
Lugonu

Shops:
D:4 ?[*   D:5 }[:*=   D:6 *


Innate Abilities, Weirdness & Mutations

((You have sharp fingernails.))
You are surrounded by a moderate repulsion field. (EV +3)
You regenerate a little health from kills.
When hurt, damage is shared between your health and your magic reserves.
((You have a pair of small antennae on your head.))
((Your flesh is cold resistant. (rC+)))
You evolve.


Message History

The deep elf mage hits you with a long sword.
* * * LOW HITPOINT WARNING * * *
Okay, then.
You completely miss the deep elf mage.
The deep elf mage is moderately wounded.
You miss the deep elf mage.
The deep elf mage is moderately wounded.
You block the deep elf mage's attack.
You barely miss the deep elf mage.
The deep elf mage is moderately wounded.
Your transformation is almost over.
You block the deep elf mage's attack.
You hit the deep elf mage.
The deep elf mage is moderately wounded.
The deep elf mage hits you but does no damage.
You barely miss the deep elf mage.
The deep elf mage is moderately wounded.
The deep elf mage points at you and mumbles some strange words.
The bolt of lightning hits you!
You die...

#..............###########
#.###########.............
#........ #.############
#........ #.#
#.8######+++#.#
#.......+8.8#.########
#.......+...#..#[....#
#.......+...#....###.#####
#.8######♣''#.##.# #<.....
#........e..#....###..####
#...........#.##......#
#.###########.####.##.#
#.............# #.##.#
##...#####.##.# #.##.#
###.......##.# #.##.#
#######.#..# #.##.# #.#.##
#....# #


You could see a deep elf mage.

Vanquished Creatures
  Pikel (D:6)
  The ghost of XomsSpaghetti the Fighter, an amateur GnWn (D:4)
  Duvessa (D:6)
  An orc warrior (D:6)
  3 ogres
  A sky beast (D:5)
  A black bear (D:5)
  2 ice beasts
  2 bullfrogs
  Dowan (D:6)
  2 scorpions (D:5)
  An electric eel (D:6)
  2 howler monkeys
  5 crimson imps
  A bullfrog skeleton (D:5)
  A bullfrog zombie (D:6)
  2 jellies
  2 orc priests (D:6)
  An iguana (D:5)
  4 orc wizards
  2 worker ants (D:4)
  A hound skeleton (D:5)
  10 adders
  A shadow imp (D:5)
  3 oozes
  A dart slug (D:2)
  4 leopard geckos
  29 orcs
  2 ball pythons (D:4)
  8 bats
  A giant cockroach (D:1)
  3 goblins (D:2)
  4 hobgoblins
  4 jackals (D:2)
  5 kobolds
  A quokka (D:3)
  2 frilled lizards
  2 gnoll zombies (D:2)
  A leopard gecko skeleton (D:4)
  A quokka zombie (D:5)
  4 rats (D:1)
124 creatures vanquished.

Vanquished Creatures (others)
  A hobgoblin (D:3)
1 creature vanquished.

Grand Total: 125 creatures vanquished

Notes
Turn   | Place    | Note
-------+----------+-------------------------------------------
     0 | D:1      | slep the Demonspawn Fighter began the quest for the Orb.
     0 | D:1      | Reached XP level 1. HP: 18/18 MP: 1/1
   223 | D:1      | Gained mutation: You are surrounded by a mild repulsion field. (EV +2) [demonic ancestry]
   223 | D:1      | Reached XP level 2. HP: 18/24 MP: 2/2
  1018 | D:2      | Found a shadowy altar of Dithmenos.
  1022 | D:2      | Found a snail-covered altar of Cheibriados.
  1022 | D:2      | Found a stormy altar of Qazlal.
  1053 | D:2      | Gained mutation: You have sharp fingernails. [demonic ancestry]
  1053 | D:2      | Reached XP level 3. HP: 5/29 MP: 3/3
  1177 | D:2      | Found a sparkling altar of Nemelex Xobeh.
  1223 | D:2      | Found a white marble altar of Elyvilon.
  1403 | D:2      | Found a hazy altar of Hepliaklqana.
  1404 | D:2      | Found a shimmering altar of Xom.
  1404 | D:2      | Noticed a hell beast
  1405 | D:2      | Noticed a hell beast
  1405 | D:2      | Noticed a spectral ugly thing
  1766 | D:2      | Found a basalt altar of Yredelemnul.
  1969 | D:3      | Gained mutation: When hurt, damage is shared between your health and your magic reserves. [demonic ancestry]
  1969 | D:3      | Reached XP level 4. HP: 33/35 MP: 4/4
  1999 | D:3      | Noticed a bullfrog
  2022 | D:3      | Killed a bullfrog
  2022 | D:3      | Reached XP level 5. HP: 18/42 MP: 2/5
  2117 | D:3      | Reached skill level 1 in Dodging
  2633 | D:4      | Noticed an ogre
  2700 | D:4      | Killed an ogre
  2700 | D:4      | Reached XP level 6. HP: 30/48 MP: 3/6
  2726 | D:4      | Found Akicioh's General Store.
  2789 | D:4      | Bought a scroll of remove curse for 42 gold pieces
  2856 | D:4      | Found Xeschoapsa's Magic Scroll Emporium.
  2864 | D:4      | Bought a scroll of blinking for 97 gold pieces
  2864 | D:4      | Bought a scroll of teleportation for 39 gold pieces
  3170 | D:4      | Found Idedat's Antique Armour Boutique.
  3191 | D:4      | Found a glowing silver altar of Zin.
  3229 | D:4      | Noticed XomsSpaghetti's ghost (amateur GnWn)
  3248 | D:4      | Killed XomsSpaghetti's ghost
  3248 | D:4      | Gained mutation: You are surrounded by a moderate repulsion field. (EV +3) [demonic ancestry]
  3248 | D:4      | Reached XP level 7. HP: 21/54 MP: 3/7
  3806 | D:5      | Entered Level 5 of the Dungeon
  3950 | D:5      | Found Bolumyer's Jewellery Emporium.
  3950 | D:5      | Found Suunig's General Store.
  3951 | D:5      | Found Bitur's Book Emporium.
  3951 | D:5      | Found Ephe's Armour Emporium.
  3975 | D:5      | Bought a potion of heal wounds for 65 gold pieces
  4002 | D:5      | Got an encrusted morningstar {vamp}
  4049 | D:5      | Found a sparkling altar of Nemelex Xobeh.
  4049 | D:5      | Found an opulent altar of Gozag.
  4289 | D:5      | Reached skill level 5 in Polearms
  4460 | D:5      | Reached skill level 5 in Fighting
  4464 | D:5      | Reached XP level 8. HP: 39/62 MP: 6/8
  4476 | D:5      | Found a shattered altar of Ashenzari.
  4525 | D:5      | Gained mutation: You are somewhat resistant to further mutation. [mutagenic meat]
  4600 | D:5      | Found Pixodghea's Gadget Boutique.
  4767 | D:6      | Noticed Pikel
  4823 | D:6      | Killed Pikel
  4823 | D:6      | Reached skill level 5 in Shields
  4864 | D:6      | Noticed Dowan
  4869 | D:6      | Lost mutation: You are somewhat resistant to further mutation. [potion of mutation]
  4869 | D:6      | Gained mutation: Your body sometimes deteriorates upon taking damage. [potion of mutation]
  4869 | D:6      | Gained mutation: You evolve. [potion of mutation]
  4869 | D:6      | Gained mutation: You have a pair of small antennae on your head. [potion of mutation]
  4869 | D:6      | Gained mutation: Your flesh is cold resistant. (rC+) [potion of mutation]
  4870 | D:6      | Noticed Duvessa
  4905 | D:6      | Killed Duvessa
  4905 | D:6      | Reached skill level 5 in Armour
  4942 | D:6      | Gained mutation: You regenerate a little health from kills. [demonic ancestry]
  4942 | D:6      | Reached XP level 9. HP: 23/69 MP: 0/9
  5004 | D:6      | Killed Dowan
  5376 | D:6      | Found Ucunwac's Assorted Antiques.
  5379 | D:6      | Bought a scroll labeled RYEVIBL MASSUO for 28 gold pieces
  5503 | D:6      | Reached skill level 1 in Stealth
  5533 | D:6      | Lost mutation: Your body sometimes deteriorates upon taking damage. [evolution]
  5690 | D:6      | Found a radiant altar of Vehumet.
  5690 | D:6      | Found a burning altar of Makhleb.
  5901 | D:7      | Found a sacrificial altar of Ru.
  5979 | D:7      | Found a staircase to the Ecumenical Temple.
  5995 | Temple   | Entered the Ecumenical Temple
  6009 | Temple   | Became a worshipper of Warmaster Okawaru
  6338 | D:7      | Noticed a deep elf mage
  6362 | D:7      | HP: 2/103 [deep elf mage/bolt of lightning (12)]
  6371 | D:7      | Killed from afar by a deep elf mage

Vault maps used:
D:1:      roderic_octagonal_star, chequers_big_river
D:2:      regret_index_temple_of_mockery, lemuel_zombie_altar_yredelemnul,
          grunt_temple_overflow_open, elyvilon_altar_5,
          nemelex_dance_club_becter
D:3:      first_bread, minmay_misc_feat_tiny, lemuel_old_faithful
D:4:      zin_treasury, serial_shops, kennysheep_mini_moat, shop, shop,
          hangedman_decor_opposing
D:5:      grunt_temple_overflow_opulence, evilmike_ruin_ashenzari, serial_shops,
          shop, minmay_shop_grid_forest
D:6:      grunt_temple_overflow_lords_of_destruction, serial_shops,
          nicolae_shop_trees, lightli_minifort, uniq_pikel, uniq_duvessa
D:7:      minmay_temple_entry_overgrown, basic_altar, guppyfry_early_elven_hall
Temple:   corrupted_temple

Skill      XL: |  1  2  3  4  5  6  7  8  9 |
---------------+----------------------------+-----
Polearms       | 2 3 4 5 6 |  6.8
Armour         | 3 4 5 |  5.4
Shields        | 3 4 5 6 |  6.0
Dodging        | 1 2 3 |  3.7
Fighting       | 4 5 6 |  6.0
Stealth        | 1 |  1.0

Action                   |  1- 3 |  4- 6 |  7- 9 || total
-------------------------+-------+-------+-------++-------
Melee: Trident           |   177 |   230 |   658 ||  1065
Evoke: Wand              |       |       |     4 ||     4
  Use: Potion            |       |     3 |     9 ||    12
 Stab: Sleeping          |       |       |     1 ||     1
  Eat: Chunk             |     3 |     5 |    13 ||    21
       Fruit             |       |       |     1 ||     1
Armor: Scale mail        |    75 |   112 |   117 ||   304
       Ring mail         |       |       |    21 ||    21
       Skin              |       |       |     8 ||     8
Dodge: Dodged            |    53 |    83 |   215 ||   351
Block: Shield            |    79 |   137 |   276 ||   492

Table legend:
 A = Spawn XP
 B = Non-spawn XP
 C = Spawn XP percentage of total XP
 D = Spawn monster count
 E = Non-spawn monster count
 F = Spawn count percentage of total count
 G = Total turns spent on level
                    A         B        C        D         E        F      G
               +---------+---------+-------+---------+---------+-------+---------
         Total |       0 |    3721 |   0.0 |       0 |     124 |   0.0 |  6371
               +---------+---------+-------+---------+---------+-------+---------
           D:1 |       0 |      24 |   0.0 |       0 |      13 |   0.0 |  1000
           D:2 |       0 |      70 |   0.0 |       0 |      22 |   0.0 |   954
           D:3 |       0 |     194 |   0.0 |       0 |      25 |   0.0 |   596
           D:4 |       0 |     518 |   0.0 |       0 |      15 |   0.0 |  1256
           D:5 |       0 |     919 |   0.0 |       0 |      21 |   0.0 |   920
           D:6 |       0 |    1872 |   0.0 |       0 |      26 |   0.0 |  1152
           D:7 |       0 |     124 |   0.0 |       0 |       2 |   0.0 |   464
               +---------+---------+-------+---------+---------+-------+---------
